 Dungeon Crawl Stone Soup version 0.28.0-53-g5a82cb258f (webtiles) character file.

Game seed: 5167059332182686996

1169 jfcaron the Covert (level 8, -3/62 (64) HPs)
             Began as a Gnoll Brigand on June 26, 2022.
             Slain by a wight
             ... wielding a +4 dire flail
              (17 damage)
             ... on level 5 of the Dungeon.
             The game lasted 00:10:32 (5452 turns).

jfcaron the Covert (Gnoll Brigand)                  Turns: 5452, Time: 00:10:32

HP:   -3/62 (64)    AC:  8    Str:  9      XL:     8   Next: 40%
MP:   12/12         EV: 11    Int: 11      God:
Gold: 107           SH:  0    Dex: 10 (13) Spells: 13/13 levels left

rFire   + + .      SeeInvis .   w - +0 quarterstaff
rCold   + . .      Faith    +   (shield currently unavailable)
rNeg    . . .      Spirit   .   t - +0 ring mail
rPois   +          Reflect  .   h - +0 helmet
rElec   .          Harm     .   c - +0 cloak
rCorr   .          Rampage  .   (no gloves)
Will    .....                   (no boots)
Stlth   +++.......              q - amulet "Tyrent" {Faith rPois rF++ rC+ Str-2}
HPRegen 0.20/turn               (no ring)
MPRegen 0.13/turn               (no ring)

@: lightly drained
A: fangs 1, strong nose, distributed training, hooves 1, weak 1
a: no special abilities


You were on level 5 of the Dungeon.
You visited 1 branch of the dungeon, and saw 5 of its levels.

You collected 107 gold pieces.

Inventory:

Hand Weapons
 a - a +2 dagger
 u - a +0 trident
 w - a +0 quarterstaff (weapon)
 D - a +0 flail
Missiles
 d - 11 poisoned darts
 e - a curare-tipped dart {!f}
 g - 136 arrows
 j - 161 stones (quivered)
 v - 42 sling bullets
 z - 3 datura-tipped darts
 E - 19 bolts
Armour
 c - a +0 cloak (worn)
 h - a +0 helmet (worn)
 p - a +0 leather armour
 t - a +0 ring mail (worn)
Magical Staves
 o - a staff of cold
Jewellery
 b - an amulet of faith
 q - the amulet "Tyrent" (around neck) {Faith rPois rF++ rC+ Str-2}
   (You found it on level 2 of the Dungeon)

   [amulet of faith]

   It allows you to gain divine favour quickly.
   Str:       It affects your strength (-2).
   rF:        It greatly protects you from fire.
   rC:        It protects you from cold.
   rPois:     It protects you from poison.
 F - the ring of the Demon Prince {rElec rN+ Str-3 Int+6 Dex+3}
   (You found it on level 5 of the Dungeon)

   [ring of intelligence]

   Str:       It affects your strength (-3).
   Int:       It affects your intelligence (+6).
   Dex:       It affects your dexterity (+3).
   rElec:     It insulates you from electricity.
   rN:        It protects you from negative energy.
Wands
 B - a wand of acid (8)
 C - a wand of polymorph (10)
Scrolls
 f - a scroll of magic mapping
 i - a scroll of noise {unknown}
 m - 2 scrolls of fear {unknown}
 s - a scroll of silence {unknown}
 x - a scroll of amnesia {unknown}
 y - a scroll of enchant weapon {unknown}
Potions
 k - a potion of might
 l - a potion of lignification
 n - 2 potions of magic
 r - a potion of flight
 A - a potion of haste {unknown}


   Skills:
 + Level 5.6 Fighting
 + Level 5.6 Short Blades
 + Level 3.2 Long Blades
 + Level 3.2 Axes
 + Level 3.2 Maces & Flails
 + Level 3.2 Polearms
 + Level 3.2 Staves
 + Level 3.2 Slings
 + Level 3.2 Bows
 + Level 3.2 Crossbows
 + Level 5.6 Throwing
 + Level 3.2 Armour
 + Level 4.2 Dodging
 + Level 8.5 Stealth
 + Level 3.2 Shields
 + Level 3.2 Unarmed Combat
 + Level 3.2 Spellcasting
 + Level 2.6 Conjurations
 + Level 2.6 Hexes
 + Level 2.6 Summonings
 + Level 2.6 Necromancy
 + Level 2.6 Translocations
 + Level 2.6 Transmutations
 + Level 2.6 Fire Magic
 + Level 2.6 Ice Magic
 + Level 2.6 Air Magic
 + Level 2.6 Earth Magic
 + Level 2.6 Poison Magic
 + Level 3.5 Invocations
 + Level 3.2 Evocations


You had 13 spell levels left.
You didn't know any spells.
Your spell library contained the following spells:

 Spells                   Type           Power      Damage    Failure   Level
 Sandblast                Erth           14%        2d6       22%         1
 Slow                     Hex            28%        N/A       22%         1
 Passwall                 Tmut/Erth      5%         N/A       34%         2
 Static Discharge         Conj/Air       7%         N/A       34%         2
 Confusing Touch          Hex            7%         N/A       56%         3
 Gell's Gravitas          Tloc           7%         N/A       56%         3
 Stone Arrow              Conj/Erth      14%        3d7       56%         3
 Vampiric Draining        Necr           7%         2d6       56%         3
 Dispel Undead            Necr           7%         3d8       92%         4
 Sticky Flame             Conj/Fire      7%         2d3       92%         4
 Death Channel            Necr           3%         N/A       100%        6
 Necromutation            Tmut/Necr      3%         N/A       100%        8


Dungeon Overview and Level Annotations

Branches:
Dungeon (5/15)
 Temple: D:4-7

Altars:

Annotations:
D:5 exclusion: water moccasin


Innate Abilities, Weirdness & Mutations

You have very sharp teeth.
Your uncanny sense of smell can sniff out nearby items.
Your experience applies equally to all skills.
You have large cloven feet.
You are weak. (Str -2)


Message History

You hit the gnoll.
You kill the gnoll!
The gnoll hits you with a +0 spear.
* * * LOW HITPOINT WARNING * * *
You hit the gnoll. Your bite misses the gnoll.
The gnoll is moderately wounded.
The gnoll hits you with a +0 spear.
* * * LOW HITPOINT WARNING * * *
You hit the gnoll. You kick the gnoll.
The gnoll is heavily wounded.
The gnoll barely misses you.
You hit the gnoll. Your kick misses the gnoll.
The gnoll is severely wounded.
The gnoll hits you with a +0 spear.
* * * LOW HITPOINT WARNING * * *
The gnoll hits you but does no damage.
You sock the gnoll!
You kill the gnoll!
Things that are here:
a +0 spear; a gnoll corpse You start resting.
A wight is nearby!
A wight is nearby!
You start resting.
A wight is nearby!
You barely miss the wight. Your kick misses the wight.
The wight hits you with a +4 dire flail.
You hit the wight. You kick the wight, but do no damage.
The wight is moderately damaged.
The wight misses you.
You barely miss the wight.
The wight is moderately damaged.
The wight hits you with a +4 dire flail!
You feel drained.
The wight hits you with a +4 dire flail!
* * * LOW HITPOINT WARNING * * *
You sock the wight!
The wight is almost destroyed.
The wight hits you with a +4 dire flail!
You die...

*,,,,,,#...........##....#....##
**,,*,,...,###...........#....#.
****,,*...,*##..####..[........
*,,,**#.#*#....#......##.....
**,,###..##..........##*#....
*,,,........#.........#*#...>
***,..[#....#.......z...#....
*,,,,,*####.##.)....##.......
**,,,** #.@#......#*.##....
**,** *#..z)....##*.#*,... ***
#.(....#..#,,,,*,,,,
#......#.....,,,,,,,
#......[.....,,,,,,,
##..###......,,,,,,,
#...**......,,,>,,,
##..**.....*,,,,,,,
##***..###******,,


You could see a wight.

Vanquished Creatures
  A centaur zombie (D:5)
  An ice beast (D:5)
  A black bear (D:4)
  A necrophage (D:4)
  An ogre (D:5)
  A scorpion (D:4)
  A water moccasin skeleton (D:4)
  A wight (D:4)
  A hound (D:4)
  Ijyb (D:4)
  3 iguanas
  A hound skeleton (D:4)
  7 gnolls
  4 adders
  A white imp (D:4)
  An ufetubus (D:4)
  A worm (D:2)
  2 dart slugs
  5 orcs
  4 bats
  4 endoplasms
  2 giant cockroaches
  7 goblins
  3 hobgoblins
  7 jackals
  6 kobolds
  4 quokkas
  7 ball pythons
  4 frilled lizards
  3 rats
86 creatures vanquished.

Notes
Turn   | Place    | Note
-------+----------+-------------------------------------------
     0 | D:1      | jfcaron the Gnoll Brigand began the quest for the Orb.
     0 | D:1      | Reached XP level 1. HP: 20/20 MP: 1/1
    99 | D:1      | Reached XP level 2. HP: 26/26 MP: 2/2
   352 | D:1      | Got Roeqygg's Incunabulum of Unholy Rites and the Voyage
   677 | D:2      | Reached XP level 3. HP: 31/31 MP: 3/3
  1024 | D:2      | Identified the amulet "Tyrent" {Faith rPois rF++ rC+ Str-2}
  1074 | D:2      | Reached skill level 1 in Invocations
  1182 | D:2      | Reached skill level 1 in Long Blades
  1182 | D:2      | Reached skill level 1 in Axes
  1182 | D:2      | Reached skill level 1 in Maces & Flails
  1182 | D:2      | Reached skill level 1 in Polearms
  1182 | D:2      | Reached skill level 1 in Staves
  1182 | D:2      | Reached skill level 1 in Slings
  1182 | D:2      | Reached skill level 1 in Bows
  1182 | D:2      | Reached skill level 1 in Crossbows
  1182 | D:2      | Reached skill level 1 in Armour
  1182 | D:2      | Reached skill level 1 in Shields
  1182 | D:2      | Reached skill level 1 in Unarmed Combat
  1182 | D:2      | Reached skill level 1 in Spellcasting
  1182 | D:2      | Reached skill level 1 in Evocations
  1214 | D:3      | Reached XP level 4. HP: 23/38 MP: 5/5
  1453 | D:3      | Reached skill level 1 in Conjurations
  1453 | D:3      | Reached skill level 1 in Hexes
  1453 | D:3      | Reached skill level 1 in Summonings
  1453 | D:3      | Reached skill level 1 in Necromancy
  1453 | D:3      | Reached skill level 1 in Translocations
  1453 | D:3      | Reached skill level 1 in Transmutations
  1453 | D:3      | Reached skill level 1 in Fire Magic
  1453 | D:3      | Reached skill level 1 in Ice Magic
  1453 | D:3      | Reached skill level 1 in Air Magic
  1453 | D:3      | Reached skill level 1 in Earth Magic
  1453 | D:3      | Reached skill level 1 in Poison Magic
  1899 | D:3      | Reached XP level 5. HP: 43/43 MP: 5/7
  2137 | D:3      | Identified the +1 robe "Ocsi" {-Cast Fly Regen+ Slay+2}
  2750 | D:5      | Entered Level 5 of the Dungeon
  2758 | D:5      | Noticed a water moccasin
  2784 | D:5      | Noticed Ijyb
  2784 | D:5      | Noticed an ice beast
  2823 | D:4      | Killed Ijyb
  2824 | D:4      | Reached skill level 8 in Stealth
  2824 | D:4      | Reached XP level 6. HP: 31/50 MP: 8/8
  2970 | D:5      | HP: 8/50 [ice beast (6)]
  2979 | D:5      | Killed an ice beast
  2980 | D:5      | Reached skill level 5 in Fighting
  2980 | D:5      | Reached skill level 5 in Short Blades
  2980 | D:5      | Reached skill level 5 in Throwing
  3255 | D:4      | Noticed a black bear
  3265 | D:4      | Killed a black bear
  3392 | D:4      | Reached XP level 7. HP: 56/56 MP: 10/10
  3910 | D:5      | HP: 7/56 [iguana (7)]
  3913 | D:5      | Gained mutation: You are weak. (Str -2) [potion of
                  | mutation]
  3913 | D:5      | Gained mutation: You have large cloven feet. [potion of
                  | mutation]
  4435 | D:4      | HP: 7/53 [hound (5)]
  4437 | D:4      | HP: 2/55 [hound (5)]
  4878 | D:5      | HP: 9/56 [centaur warrior zombie (7)]
  4884 | D:5      | Reached XP level 8. HP: 8/64 MP: 12/12
  5268 | D:5      | Identified the ring of the Demon Prince {rElec rN+ Str-3
                  | Int+6 Dex+3}
  5311 | D:5      | HP: 11/64 [gnoll/+0 spear (4)]
  5452 | D:5      | Slain by a wight

Illustrated notes

Levels and vault maps discovered:
D:1:      lightli_arrival_farm, layout_rooms
D:2:      wad_pebble_path, layout_rooms, serial_glass, glass_columns_a,
          glass_columns_a, nrook_uturn, minmay_misc_feat_nine_boxes
D:3:      layout_rooms
D:4:      layout_rooms
D:5:      layout_cave_pools, kennysheep_generic_room_7, uniq_ijyb

Skill      XL: |  1  2  3  4  5  6  7 |
---------------+----------------------+-----
Invocations    | 1 2 3 |  3.5
Long Blades    | 1 2 3 |  3.2
Axes           | 1 2 3 |  3.2
Maces & Flails | 1 2 3 |  3.2
Polearms       | 1 2 3 |  3.2
Staves         | 1 2 3 |  3.2
Slings         | 1 2 3 |  3.2
Bows           | 1 2 3 |  3.2
Crossbows      | 1 2 3 |  3.2
Armour         | 1 2 3 |  3.2
Shields        | 1 2 3 |  3.2
Unarmed Combat | 1 2 3 |  3.2
Spellcasting   | 1 2 3 |  3.2
Evocations     | 1 2 3 |  3.2
Conjurations   | 1 2 |  2.6
Hexes          | 1 2 |  2.6
Summonings     | 1 2 |  2.6
Necromancy     | 1 2 |  2.6
Translocations | 1 2 |  2.6
Transmutations | 1 2 |  2.6
Fire Magic     | 1 2 |  2.6
Ice Magic      | 1 2 |  2.6
Air Magic      | 1 2 |  2.6
Earth Magic    | 1 2 |  2.6
Poison Magic   | 1 2 |  2.6
Dodging        | 3 4 |  4.2
Stealth        | 8 |  8.5
Fighting       | 5 |  5.6
Short Blades   | 5 |  5.6
Throwing       | 5 |  5.6

Action                   |  1- 3 |  4- 6 |  7- 9 || total
-------------------------+-------+-------+-------++-------
Melee: Dagger            |    74 |   198 |    98 ||   370
       Bite              |     3 |    13 |    19 ||    35
       Punch             |       |     6 |     3 ||     9
       Kick              |       |       |    32 ||    32
       Quarterstaff      |       |       |    22 ||    22
Throw: Stone             |    48 |    90 |    48 ||   186
       Dart              |     6 |     4 |    16 ||    26
  Use: Scroll            |       |     7 |       ||     7
       Potion            |       |       |     3 ||     3
 Stab: Sleeping          |     3 |     1 |       ||     4
Armor: Robe              |     8 |       |       ||     8
       Leather armour    |     3 |     4 |       ||     7
       Ring mail         |       |    66 |    27 ||    93
Dodge: Dodged            |    43 |   103 |    63 ||   209
